 Dungeon Crawl Stone Soup version bcrawl-1.21.2-28-g2cb1824106 (webtiles) character file.

Game seed: 16995640423873620358

6459 MisterOstroum the Sneak (level 10, 18/55 HPs)
             Began as a Spriggan Wanderer on Jan 20, 2020.
             Was a Priest of Okawaru.
             Quit the game on level 10 of the Dungeon on Mar 16, 2020.
             The game lasted 01:03:00 (16915 turns).

MisterOstroum the Sneak (Spriggan Wanderer)        Turns: 16915, Time: 01:03:00

Health: 18/55      AC:  3    Str: 13    XL:     10   Next: 67%
Magic:  18/20      EV: 26    Int: 12    God:    Okawaru [***...]
Gold:   552        SH:  8    Dex: 16    Spells: 15/21 levels left

rFire    . . .     SeeInvis +   b - +0 rapier
rCold    . . .     Gourm    .   h - +0 buckler
rNeg     . . .     Faith    .   g - +0 robe
rPois    .         Spirit   .   (helmet restricted)
rElec    .         Reflect  .   i - +0 cloak
rCorr    .         Harm     .   (gloves unavailable)
MR       +....                  (boots unavailable)
Stlth    +++++++...             (no amulet)
HPRegen  0.18/turn              R - ring of wizardry
MPRegen  0.17/turn              C - ring of stealth

@: heroism, very quick
A: very small, unfitting armour, see invisible, herbivore, speed 3, slow
metabolism 2
a: Heroism, Renounce Religion


You were on level 10 of the Dungeon.
You worshipped Okawaru.
Okawaru was most pleased with you.
You were not hungry.

You visited 3 branches of the dungeon, and saw 12 of its levels.
You also visited: Ossuary.

You collected 903 gold pieces.
You spent 351 gold pieces at shops.

Inventory:

Hand Weapons
 a - a +0 hunting sling
 b - a +0 rapier (weapon)
 c - a +0 dagger
Missiles
 j - 128 tomahawks (quivered)
 k - 1114 stones
 n - 119 sling bullets
Armour
 g - a +0 robe (worn)
 h - a +0 buckler (worn)
 i - a +0 cloak (worn)
 N - a scarf of resistance
 Q - a scarf of stasis
Jewellery
 A - an uncursed ring of protection from cold
 C - a ring of stealth (right hand)
 M - an uncursed ring of ice
 R - a ring of wizardry (left hand)
Wands
 p - a wand of flame (55)
 s - a wand of acid (7)
 v - a wand of polymorph (15)
 O - a wand of iceblast (7)
 P - a wand of paralysis (8)
Scrolls
 f - 2 scrolls of blinking {@r4}
 l - 3 scrolls of fog {!r}
 m - 6 scrolls of identify {@r1}
 q - 9 scrolls of remove curse {@r2}
 r - 3 scrolls of amnesia {unknown}
 t - 6 scrolls of teleportation {@r3 !r}
 u - 5 scrolls of enchant weapon
 D - 3 scrolls of magic mapping {unknown}
 H - a scroll of vulnerability
 I - 2 scrolls of fear {!r}
 J - 5 scrolls of noise
 K - 3 scrolls of immolation
 S - a scroll of enchant armour {unknown}
 T - a scroll of acquirement {unknown}
Potions
 d - 5 potions of flight
 o - 4 potions of might {@q3 !q}
 w - 2 potions of brilliance
 x - 2 potions of invisibility
 y - a potion of haste {@q4 !q}
 z - 4 potions of agility {@q5 !q}
 B - 2 potions of curing {@q1 !q}
 E - a potion of cancellation
 F - a potion of lignification {@q6}
 G - 2 potions of resistance
 L - a potion of heal wounds {@q2 !q}
Comestibles
 e - 11 rations {!d}


   Skills:
 - Level 7.0(12.0) Fighting
 * Level 4.3(9.3) Short Blades
 - Level 7.1(12.1) Slings
 - Level 5.7(10.7) Dodging
 - Level 7.6(12.6) Stealth
 + Level 3.9(8.9) Shields
 - Level 1.0(6.0) Unarmed Combat
 + Level 6.1 Spellcasting
 - Level 3.0 Charms
 - Level 3.1 Translocations
 - Level 2.0 Invocations
 - Level 5.4 Evocations


You had 15 spell levels left.
You knew the following spells:

 Your Spells              Type           Power        Failure   Level  Hunger
a - Sticks to Snakes      Tmut           #.......     11%         2    ##.....
f - Flaming Arrows        Chrm/Fire      #.......     6%          2    ##.....
B - Blink                 Tloc           N/A          3%          2    ##.....

Your spell library contained the following spells:

 Spells                   Type           Power        Failure   Level  Hunger
 Beastly Appendage        Tmut           #.....       8%          1    None
 Flame Tongue             Conj/Fire      #....        8%          1    None
 Magic Dart               Conj           #...         8%          1    None
 Call Imp                 Summ           #.....       11%         2    ##.....
 Confuse                  Hex            #.......     21%         3    ###....
 Conjure Flame            Conj/Fire      #.......     21%         3    ###....
 Dazzling Spray           Conj/Hex       #.....       21%         3    ###....
 Inner Flame              Hex/Fire       N/A          21%         3    ###....
 Mephitic Cloud           Conj/Pois/Air  #.......     21%         3    ###....
 Spider Form              Tmut/Pois      #..          21%         3    ###....
 Ice Form                 Ice/Tmut       #.......     54%         4    ####...
 Petrify                  Tmut/Erth      #.......     54%         4    ####...
 Sticky Flame             Conj/Fire      #.......     54%         4    ####...
 Yara's Violent Unravell  Hex/Tmut       #.........   54%         4    ####...
 Blade Hands              Tmut           #.........   86%         5    ######.
 Fireball                 Conj/Fire      #.........   86%         5    ######.
 Metabolic Englaciation   Hex/Ice        #.........   86%         5    ######.
 Mana Rupture             Conj/Hex       #.........   100%        7    #######


Dungeon Overview and Level Annotations

Branches:
Dungeon (10/12)            Temple (1/1) D:4            Lair (1/6) D:9
    Orc (0/1) D:10

Altars:
Ashenzari
Cheibriados
Dithmenos
Elyvilon
Fedhas
Gozag
Hepliaklqana
Kikubaaqudgha
Lugonu
Makhleb
Nemelex Xobeh
Okawaru
Qazlal
Ru
Sif Muna
Trog
Uskayaw
Vehumet
Wu Jian
Xom
Yredelemnul
Zin
The Shining One

Shops:
D:4 ?

Annotations:
D:7 Joseph


Innate Abilities, Weirdness & Mutations

You are very small and have problems with some larger weapons.
You are too small for most types of armour.
You have supernaturally acute eyesight. (SInv)
You are a herbivore.
You cover ground extremely quickly.
You need to consume almost no food.


Message History

A worker ant is nearby!
Firing (i - inventory. (/) - cycle)
k - 1119 stones (quivered)
Press: ? - help, Shift-Dir - straight line, f - worker ant
Aim: a worker ant You shoot a stone.
The stone hits the worker ant.
The worker ant is lightly wounded.
Firing (i - inventory. (/) - cycle)
k - 1118 stones (quivered)
Press: ? - help, Shift-Dir - straight line, f/p - worker ant
Aim: a worker ant (lightly wounded)
You shoot a stone. The stone hits the worker ant.
The worker ant is moderately wounded.
Firing (i - inventory. (/) - cycle)
k - 1117 stones (quivered)
Press: ? - help, Shift-Dir - straight line, f/p - worker ant
Aim: a worker ant (moderately wounded)
You shoot a stone. The stone hits the worker ant.
The worker ant is heavily wounded.
Firing (i - inventory. (/) - cycle)
k - 1116 stones (quivered)
Press: ? - help, Shift-Dir - straight line, f/p - worker ant
Aim: a worker ant (heavily wounded)
You shoot a stone.
The stone closely misses the worker ant.
Firing (i - inventory. (/) - cycle)
k - 1115 stones (quivered)
Press: ? - help, Shift-Dir - straight line, f/p - worker ant
Aim: a worker ant (heavily wounded)
You shoot a stone.
The stone closely misses the worker ant.
Wield which item (- for none, * to show all)? (? for menu, Esc to quit)
b - a +0 rapier (weapon)
Casting: Flaming Arrows (safe; 8% risk of failure)
Confirm with . or Enter, or press ? or * to list all spells.
You begin infusing your projectiles with flame.
Throwing (i - inventory. (/) - cycle)
j - 128 tomahawks (quivered)
Press: ? - help, Shift-Dir - straight line, f/p - worker ant
Aim: a worker ant (heavily wounded)
Okay, then.
You hit the worker ant.
The worker ant is heavily wounded.
The worker ant barely misses you. The worker ant completely misses you.
You barely miss the worker ant.
The worker ant is heavily wounded.
The worker ant bites you.
You hit the worker ant.
The worker ant is severely wounded.
The worker ant barely misses you.
You barely miss the worker ant.
The worker ant is severely wounded.
You block the worker ant's attack.
You hit the worker ant but do no damage.
The worker ant is severely wounded.
The worker ant misses you. x2
You barely miss the worker ant.
The worker ant is severely wounded.
Your fiery infusion is running out.
The worker ant bites you.
You puncture the worker ant!
You kill the worker ant!
Okawaru accepts your kill.
You are no longer infusing your projectiles with flame.
A meliai zombie comes into view.
A meliai zombie is nearby!
A meliai zombie is nearby!
A killer bee comes into view.
The helpless meliai zombie fails to defend itself.
You impale the meliai zombie!!
The meliai zombie is heavily damaged.
The meliai zombie completely misses you.
The meliai zombie barely misses you.
Unknown command.
You closely miss the meliai zombie.
The meliai zombie is heavily damaged.
The meliai zombie misses you. The meliai zombie barely misses you.
The meliai zombie hits you! The meliai zombie hits you.
You puncture the meliai zombie!
The meliai zombie is heavily damaged.
The meliai zombie misses you. The meliai zombie closely misses you.
The meliai zombie barely misses you. The meliai zombie closely misses you.
You puncture the meliai zombie!
The meliai zombie is severely damaged.
You block the meliai zombie's attack. The meliai zombie misses you. x2
The meliai zombie hits you.
You gain the combat prowess of a mighty hero.
The meliai zombie hits you! The meliai zombie closely misses you.
The meliai zombie misses you. The meliai zombie hits you!
You puncture the meliai zombie!
The meliai zombie is almost destroyed.
The meliai zombie completely misses you.
The meliai zombie hits you.
You hit the meliai zombie.
The meliai zombie is almost destroyed.
The meliai zombie completely misses you. x3
The meliai zombie closely misses you.
You hit the meliai zombie.
You destroy the meliai zombie!
Okawaru accepts your kill.
Base training target 7.0 for Fighting reached!
Your base Fighting skill increases to level 7!
Press: ? - help, v - describe, . - travel The floor.
Unknown command.
Are you sure you want to abandon this character and quit the game? (Confirm with "yes".)

#.#..#....<......+
#.#..†<...#.######
##.##.######.############
.........................
##.##.######.############
#......................
#####...................
).l..........###....###
#####.#####..# #@...#
#...# #..# #....# #.#.#
...# #....#
###.#.###....# #....#
..J.....+y... #....#
###.#.### ###### ......#
#######


There were no monsters in sight!

Vanquished Creatures
  A redback zombie (D:9)
  A troll (D:9)
  A hippogriff (D:7)
  A meliai zombie (D:10)
  A shadow (D:5)
  A wyvern (D:10)
  A yak (D:9)
  A hungry ghost (D:7)
  A crocodile (D:6)
  3 porcupines (D:9)
  3 ice beasts
  A necrophage (D:9)
  2 orc warriors
  3 sky beasts
  A phantom (D:5)
  5 ogres
  2 wolves
  2 centaurs
  3 bullfrogs
  A big kobold (D:8)
  A water moccasin zombie (D:5)
  4 killer bees
  4 scorpions
  5 wights (D:9)
  4 crimson imps
  A quasit (D:8)
  A bullfrog zombie (D:8)
  6 hounds
  4 jellies
  A centaur zombie (D:5)
  8 orc priests
  4 orc wizards
  A bullfrog skeleton (D:9)
  3 centaur skeletons
  7 worker ants
  2 killer bee zombies
  2 hound zombies
  3 hound skeletons
  A mummy (D:4)
  2 worker ant zombies
  4 gnolls (D:4)
  11 adders
  3 shadow imps
  6 oozes
  3 adder skeletons
  2 adder zombies
  4 worms
  8 leopard geckos
  20 orcs
  7 giant cockroaches
  6 goblins
  7 hobgoblins
  A jackal (D:3)
  6 quokkas
  8 bats
  3 frilled lizards (D:2)
  A hobgoblin zombie (Ossuary)
  A jackal skeleton (D:8)
  5 kobolds
  A quokka zombie (D:5)
  8 rats
214 creatures vanquished.

Vanquished Creatures (others)
  9 fungi (D:9)
  7 plants (D:9)
16 creatures vanquished.

Grand Total: 230 creatures vanquished

Notes
Turn   | Place    | Note
-------+----------+-------------------------------------------
     0 | D:1      | MisterOstroum the Spriggan Wanderer began the quest for the
                  | Orb.
     0 | D:1      | MisterOstroum set off with the following items: a +0
                  | dagger, a potion of haste {@q4 !q}, a potion of agility
                  | {@q5 !q}, a potion of flight, a ration {!d}, a scroll of
                  | blinking {@r4}, a +0 robe
     0 | D:1      | Reached XP level 1. HP: 11/11 MP: 2/2
   238 | D:1      | Reached XP level 2. HP: 16/16 MP: 3/3
   819 | D:2      | Reached XP level 3. HP: 15/19 MP: 4/4
  2258 | D:2      | Reached XP level 4. HP: 23/24 MP: 5/5
  2348 | D:2      | Found a glowing golden altar of the Shining One.
  2818 | D:3      | Reached skill level 1 in Evocations
  3150 | D:3      | Reached XP level 5. HP: 21/28 MP: 6/6
  4072 | D:4      | Found a sand-covered staircase.
  4077 | Ossuary  | Entered an ossuary
  4548 | D:4      | Noticed an ogre
  4604 | D:4      | Killed an ogre
  4604 | D:4      | Reached skill level 1 in Slings
  4604 | D:4      | Reached skill level 5 in Dodging
  4604 | D:4      | Reached XP level 6. HP: 32/32 MP: 8/8
  4661 | D:4      | Found Ezaton's Magic Scroll Shop.
  4667 | D:4      | Bought a scroll of fear for 38 gold pieces
  4667 | D:4      | Bought a scroll of noise for 11 gold pieces
  4667 | D:4      | Bought a scroll of identify for 22 gold pieces
  4673 | D:4      | Bought a scroll of identify for 22 gold pieces
  4673 | D:4      | Bought a scroll of identify for 22 gold pieces
  4673 | D:4      | Bought a scroll of enchant weapon for 82 gold pieces
  4673 | D:4      | Bought a scroll of identify for 22 gold pieces
  4673 | D:4      | Bought a scroll of teleportation for 33 gold pieces
  4677 | D:4      | Bought a scroll of remove curse for 33 gold pieces
  4677 | D:4      | Bought 3 scrolls of identify for 66 gold pieces
  4978 | D:4      | Found a radiant altar of Vehumet.
  5743 | D:4      | Reached XP level 7. HP: 37/37 MP: 8/10
  5981 | D:4      | Found a staircase to the Ecumenical Temple.
  5987 | Temple   | Entered the Ecumenical Temple
  6103 | Temple   | Became a worshipper of Sif Muna the Loreminder
  6349 | D:4      | Learned a level 2 spell: Flaming Arrows
  6352 | D:4      | Learned a level 2 spell: Blink
  6360 | D:5      | Entered Level 5 of the Dungeon
  6564 | D:5      | Reached skill level 1 in Spellcasting
  6564 | D:5      | Reached skill level 1 in Charms
  6564 | D:5      | Reached skill level 1 in Translocations
  6656 | Temple   | Fell from the grace of Sif Muna
  6656 | Temple   | Became a worshipper of Warmaster Okawaru
  6982 | D:4      | Upgraded the game from bcrawl-1.20 to bcrawl-1.20.1
  6982 | D:4      | Upgraded the game from bcrawl-1.20.1 to
                  | bcrawl-1.20.1-3-gdcb1fc31ed
  7151 | D:5      | Reached skill level 5 in Stealth
  7589 | D:5      | Noticed a shadow
  7815 | D:5      | Reached XP level 8. HP: 37/42 MP: 5/11
  8519 | D:5      | Reached * piety under Okawaru
 10422 | D:7      | Upgraded the game from bcrawl-1.20.1-3-gdcb1fc31ed to
                  | bcrawl-1.21.1
 10425 | D:7      | Noticed Joseph
 10578 | D:7      | Reached XP level 9. HP: 37/46 MP: 0/14
 11031 | D:7      | Reached skill level 5 in Slings
 11031 | D:7      | Reached skill level 5 in Evocations
 12041 | D:8      | Reached skill level 5 in Fighting
 12328 | D:8      | Reached ** piety under Okawaru
 12433 | D:8      | Was forgiven by Sif Muna
 13103 | D:8      | Reached skill level 1 in Invocations
 13734 | D:9      | Upgraded the game from bcrawl-1.21.1 to
                  | bcrawl-1.21.2-1-g32d02e0829
 13876 | D:9      | Reached XP level 10. HP: 22/53 MP: 15/17
 13944 | D:9      | Noticed a cyclops
 14164 | D:9      | Found a corrupted altar of Lugonu.
 14165 | D:9      | Found an ancient bone altar of Kikubaaqudgha.
 14172 | D:9      | Found an ornate altar of the Wu Jian Council.
 14172 | D:9      | Found a white marble altar of Elyvilon.
 14442 | D:9      | Found a bloodstained altar of Trog.
 14442 | D:9      | Found a shadowy altar of Dithmenos.
 14443 | D:9      | Found a glowing silver altar of Zin.
 14737 | D:9      | Reached *** piety under Okawaru
 14883 | D:9      | Reached skill level 5 in Spellcasting
 15488 | D:9      | Found a shimmering altar of Xom.
 15612 | D:9      | Found a staircase to the Lair.
 15820 | Lair:1   | Entered Level 1 of the Lair of Beasts
 15823 | Lair:1   | Upgraded the game from bcrawl-1.21.2-1-g32d02e0829 to
                  | bcrawl-1.21.2-20-g6d45ba5942
 15874 | Lair:1   | Learned a level 2 spell: Sticks to Snakes
 16067 | D:9      | Upgraded the game from bcrawl-1.21.2-20-g6d45ba5942 to
                  | bcrawl-1.21.2-28-g2cb1824106
 16475 | D:10     | Entered Level 10 of the Dungeon
 16796 | D:10     | Found a staircase to the Orcish Mines.
 16915 | D:10     | Quit the game

Skill      XL: |  1  2  3  4  5  6  7  8  9 10 |
---------------+-------------------------------+-----
Stealth        | 2 3 4 5 6 7 |  7.6
Short Blades   | 2 3 4 |  4.3
Fighting       | 3 4 5 7 |  7.0
Evocations     | 1 2 3 4 5 |  5.4
Slings         | 1 2 3 4 5 7 |  7.1
Dodging        | 5 |  5.7
Shields        | 2 3 |  3.9
Spellcasting   | 1 3 4 6 |  6.1
Charms         | 2 3 |  3.0
Translocations | 2 3 |  3.1
Invocations    | 1 2 |  2.0
Unarmed Combat | |  1.0

Action                   |  1- 3 |  4- 6 |  7- 9 | 10-12 || total
-------------------------+-------+-------+-------+-------++-------
Melee: Dagger            |   214 |   104 |    30 |       ||   348
       Short sword       |       |   142 |   234 |       ||   376
       Rapier            |       |       |    68 |    87 ||   155
 Fire: Hunting sling     |       |   133 |   601 |   236 ||   970
Throw: Tomahawk          |    42 |     7 |     4 |     8 ||    61
       Stone             |    24 |     4 |     1 |     1 ||    30
 Cast: Flaming Arrows    |       |       |    10 |     6 ||    16
       Blink             |       |       |     1 |     1 ||     2
Invok: Divine Energy     |       |       |     1 |       ||     1
       Heroism           |       |       |     9 |    10 ||    19
Evoke: Wand              |     3 |       |       |       ||     3
  Use: Scroll            |       |    11 |     2 |     2 ||    15
       Potion            |       |       |       |     1 ||     1
 Stab: Sleeping          |     3 |     5 |    19 |    10 ||    37
       Distracted        |       |     2 |       |       ||     2
  Eat: Ration            |       |     1 |     3 |     1 ||     5
Armor: Robe              |    19 |    17 |    31 |     2 ||    69
Dodge: Dodged            |   162 |   165 |   334 |   113 ||   774
Block: Buckler           |    61 |    65 |    70 |    44 ||   240
